cohdb
Replays
Latest Replays
All Replays
Popular Replays
Top Player Replays
Match Explorer
How It Works
Community
CoH3 Stats
Reddit
Sign in to upload your games and track your stats! →
Sign in with Steam
Match 44650890
Unlisted
Match 44650890
Overview
Messages
Build Orders
End
Construct Barracks
Riflemen Squad
Riflemen Squad
Riflemen Squad
Grenade Package
Infantry Support Center
M1 Mortar Team
Engineer Squad
Construct Medical Station
Construct Motor Pool
M24 Chaffee Light Tank
Riflemen Squad
M1 Anti-tank Gun Team
Selects Special Operations Battlegroup
Selects M29 Weasel with M1 Pack Howitzer
Selects P-47 Anti-Infantry Loiter
Survival Training
Selects UNKNOWN (2162291)
P-47 Anti-Infantry Loiter
Riflemen Squad
Construct Tank Depot
P-47 Anti-Infantry Loiter
Ranger1408
Dreamerpython
Commander Z
Dadical
Tvman265
Bald Pinko
Agerjag
YangXYZ
0
0
Comments
sign in to comment!
No comments posted yet!